 Dungeon Crawl Stone Soup version 0.29-a0-284-gf9362112df (webtiles) character file.

Game seed: 16482575118613972898

121704 siradein the Fighter (level 16, -1/147 HPs)
             Began as a Minotaur Hunter on Mar 23, 2022.
             Was the Champion of Okawaru.
             Killed from afar by a raiju (15 damage)
             ... with a living lightning
             ... on level 3 of the Abyss.
             The game lasted 01:37:59 (29494 turns).

siradein the Fighter (Minotaur Hunter)             Turns: 29494, Time: 01:37:59

Health: -1/147     AC: 14    Str: 30    XL:     16   Next: 33%
Magic:  24/24      EV: 24    Int:  6    God:    Okawaru [******]
Gold:   1920       SH:  5    Dex: 30    Spells: 15/15 levels left

rFire   . . .      SeeInvis .   b - +9 glaive (vamp)
rCold   . . .      Faith    .   (shield currently unavailable)
rNeg    + . .      Spirit   .   B - +6 scale mail of Monotheism {rN+ Str+4 Dex+6}
rPois   .          Reflect  +   (helmet restricted)
rElec   .          Harm     .   K - +0 cloak
rCorr   .          Rampage  .   m - +0 pair of gloves
Will    +....                   Y - +2 pair of boots {Fly}
Stlth   +.........              n - amulet of reflection
HPRegen 0.00/turn               k - +6 ring of strength
MPRegen 0.19/turn               D - +6 ring of dexterity

@: about to teleport, corroded, sick, flying
A: horns 2, retaliatory headbutt, talons 1
a: Renounce Religion, Heroism, Finesse, Duel


You were on level 3 of the Abyss.
You worshipped Okawaru.
Okawaru was exalted by your worship.
You visited 4 branches of the dungeon, and saw 24 of its levels.
You visited the Abyss 2 times.
You also visited: Bailey and Volcano.

You collected 2501 gold pieces.
You spent 581 gold pieces at shops.

Inventory:

Hand Weapons
 a - the +7 arbalest of Radicalism {flame, Will++ Str-4 Int+2}
   (You acquired it on level 13 of the Dungeon)

   Any ammunition fired from it burns those it strikes, dealing additional fire
   damage.
   Str:       It affects your strength (-4).
   Int:       It affects your intelligence (+2).
   Will:      It greatly increases your willpower.
 b - a +9 vampiric glaive (weapon)
 V - a +2 scimitar of flaming
Missiles
 s - 3 throwing nets
 z - 16 curare-tipped darts
Armour
 m - a +0 pair of gloves (worn)
 B - the +6 scale mail of Monotheism (worn) {rN+ Str+4 Dex+6}
   (You found it in a bailey)

   Str:       It affects your strength (+4).
   Dex:       It affects your dexterity (+6).
   rN:        It protects you from negative energy.
 K - a +0 cloak (worn)
 Y - a +2 pair of boots of flying (worn)
Jewellery
 k - a +6 ring of strength (left hand)
 n - an amulet of reflection (around neck)
 q - a ring of resist corrosion
 u - a +4 ring of evasion
 C - a ring of willpower
 D - a +6 ring of dexterity (right hand)
 S - a ring of fire
Wands
 h - a wand of flame (18)
 t - a wand of acid (33)
 v - a wand of paralysis (3)
 F - a wand of iceblast (14)
 O - a wand of digging (4)
 T - a wand of mindburst (18)
Scrolls
 c - 2 scrolls of immolation
 d - 3 scrolls of amnesia
 g - 6 scrolls of vulnerability
 i - 8 scrolls of enchant armour
 l - 10 scrolls of teleportation
 w - 9 scrolls of blinking
 G - a scroll of enchant weapon
 H - 5 scrolls of magic mapping
 I - 2 scrolls of fear
 L - a scroll of brand weapon
 M - 2 scrolls of holy word
 P - 4 scrolls of fog
 Q - a scroll of acquirement
 U - 2 scrolls of noise {unknown}
Potions
 e - 12 potions of curing
 f - 4 potions of mutation
 j - 6 potions of might
 o - 9 potions of ambrosia
 p - 3 potions of resistance
 r - 4 potions of lignification
 x - 5 potions of flight
 y - 2 potions of heal wounds
 A - 3 potions of magic
 E - 4 potions of haste
 J - 5 potions of brilliance
 N - 2 potions of cancellation
 W - a potion of berserk rage
 X - a potion of invisibility
Miscellaneous
 R - a tin of tremorstones (2/2)
 Z - a phial of floods


   Skills:
 + Level 14.7 Fighting
 + Level 12.7 Polearms
 + Level 14.1 Crossbows
 + Level 14.5 Armour
 + Level 13.5 Dodging
 - Level 0.7 Stealth
 + Level 12.0 Invocations
 + Level 7.6 Evocations


You had 15 spell levels left.
You didn't know any spells.
Your spell library contained the following spells:

 Spells                   Type           Power      Damage    Failure   Level
 Beastly Appendage        Tmut           0%         N/A       63%         1
 Magic Dart               Conj           0%         1d3       63%         1
 Blink                    Tloc           0%         N/A       77%         2
 Searing Ray              Conj           0%         2d4       77%         2
 Wereblood                Tmut           0%         N/A       77%         2
 Dazzling Flash           Conj/Hex       0%         N/A       94%         3
 Lesser Beckoning         Tloc           0%         N/A       94%         3
 Mephitic Cloud           Conj/Pois/Air  0%         N/A       94%         3
 Ozocubu's Armour         Ice            0%         N/A       94%         3
 Spider Form              Tmut/Pois      0%         N/A       94%         3
 Vampiric Draining        Necr           0%         2d6       94%         3
 Fulminant Prism          Conj/Hex       0%         3d6       100%        4
 Olgreb's Toxic Radiance  Pois           0%         N/A       100%        4
 Alistair's Intoxication  Tmut/Pois      0%         N/A       100%        5
 Borgnjor's Vile Clutch   Necr/Erth      0%         N/A       100%        5
 Freezing Cloud           Conj/Ice/Air   0%         6-21      100%        5
 Manifold Assault         Tloc           0%         N/A       100%        5
 Metabolic Englaciation   Hex/Ice        0%         N/A       100%        5
 Conjure Ball Lightning   Conj/Air       0%         3x3d6     100%        6
 Eringya's Noxious Bog    Tmut/Pois      0%         N/A       100%        6
 Polar Vortex             Ice            0%         N/A       100%        9
 Simulacrum               Ice/Necr       Unusable   N/A       N/A         6
 Haunt                    Necr/Summ      Unusable   N/A       N/A         7

Dungeon Overview and Level Annotations

Branches:
Dungeon (15/15)            Temple (1/1) D:4            Lair (6/6) D:11
 Shoals (0/4) Lair:2       Spider (0/4) Lair:4        Slime (0/5) Lair:5
    Orc (2/2) D:12            Elf (0/3) Orc:2        Depths (0/4) D:15
 Bailey (visited)         Volcano (visited)
 Vaults: D:13-14

Altars:
Ashenzari
Cheibriados
Dithmenos
Elyvilon
Fedhas
Gozag
Hepliaklqana
Kikubaaqudgha
Makhleb
Nemelex Xobeh
Okawaru
Qazlal
Sif Muna
Trog
Vehumet
Wu Jian
Xom
Zin
The Shining One
Beogh
Jiyva

Shops:
D:6 *   Orc:2 !(:(*


Innate Abilities, Weirdness & Mutations

You have a pair of horns on your head.
You reflexively headbutt those who attack you in melee.
You have sharp toenails.


Message History

The living lightning hits the raiju.
The raiju completely resists.
The living lightning misses you.
The raiju blinks!
The raiju bursts into living lightning!
The living lightning hits you!!
* * * LOW HITPOINT WARNING * * *
The raiju blinks!
You slice the raiju!!
You feel better.
The raiju is heavily wounded.
The raiju closely misses you. The raiju bites you!
* * * LOW HITPOINT WARNING * * *
The raiju shocks you!
* * * LOW HITPOINT WARNING * * *
You miss the raiju.
You headbutt the raiju, but do no damage.
The raiju is heavily wounded.
The raiju bites you but does no damage. The raiju completely misses you.
You furiously retaliate!
You headbutt the raiju. The raiju bites you.
* * * LOW HITPOINT WARNING * * *
The raiju shocks you!
* * * LOW HITPOINT WARNING * * *
The raiju convulses!
The yellow draconian convulses!
The raiju convulses!
Your body is wracked with pain!
* * * LOW HITPOINT WARNING * * *
The raiju convulses!
The yellow draconian attacks as you move away!
The yellow draconian closely misses you.
Found a sparkling altar of Nemelex Xobeh.
The raiju closely misses you. You furiously retaliate!
You headbutt the raiju.
Unknown command.
The raiju attacks as you move away! The raiju closely misses you.
You furiously retaliate!
You headbutt the raiju, but do no damage.
The yellow draconian attacks as you move away!
You block the yellow draconian's attack.
Found a gateway leading deeper into the Abyss.
The raiju bursts into living lightning!
The living lightning misses you.
The raiju blinks!
The raiju bursts into living lightning!
The living lightning hits you!
You die...

.## #.# #.## #
.##..#####.# #..#.##
#.##.....#.###.#.#.###
.._..................#
.....................##
........h.............##
........§.............'.
........dh........... #.
.......@..............#
....##......##......#.##
... #......##......# .≈
................. .≈
.h...............###
.####...#.#.#... # ♣ .#
####.##...## .≈ .> .#.#
. .


You could see a yellow draconian and 3 raiju.

Vanquished Creatures
  Rupert (D:13)
  Gastronok (Lair:3)
  Azrael (D:12)
  An ettin (D:14)
  2 fire dragons (D:13)
  An ice dragon (D:13)
  A great orb of eyes (D:15)
  Erolcha (Orc:2)
  2 ogre magi
  8 boulder beetles
  A rakshasa (D:13)
  11 hydras
  8 two-headed ogres
  An anaconda (shapeshifter) (D:15)
  Erica (D:8)
  10 centaur warriors
  A hell hog (Volcano)
  7 death yaks
  4 tengu warriors
  An orc high priest (Orc:2)
  Urug (Lair:3)
  Sonja (Lair:6)
  Nergalle (Lair:1)
  A spectral death yak (Lair:6)
  A fire crab (Volcano)
  5 skeletal warriors (D:15)
  Pikel (D:4)
  A phantasmal warrior (D:14)
  An obsidian statue (Volcano)
  3 orc knights
  4 deep elf pyromancers
  8 cyclopes
  A necromancer (Lair:6)
  10 orc sorcerers
  A wolf spider (D:13)
  5 manticores
  12 ugly things
  Joseph (D:7)
  A merfolk siren (Lair:2)
  20 elephants
  5 black mambas
  An ice statue (D:13)
  A water nymph (shapeshifter) (D:13)
  6 gargoyles
  21 cane toads
  A torpor snail (Lair:4)
  4 kobold demonologists (D:12)
  2 unseen horrors
  2 efreet
  A yaktaur (D:15)
  5 rime drakes
  A freezing wraith (D:14)
  9 komodo dragons
  6 trolls
  6 polar bears
  A queen bee (D:15)
  9 meliai
  The ghost of indyram44 the Sneak, an amateur DsDe (D:4)
  4 blink frogs (Lair:4)
  A hornet (D:9)
  4 slime creatures
  A water elemental (D:11)
  2 shadows (D:11)
  6 wyverns
  2 vampires
  5 fire elementals
  6 humans (D:14)
  Grum (D:8)
  38 yaks
  6 wraiths
  6 fire bats (Volcano)
  4 basilisks
  4 steam dragons
  3 vampire mosquitoes (D:10)
  3 wargs
  3 acid dragons
  2 hell hounds
  12 water moccasins
  24 orc warriors
  8 ice beasts (D:13)
  5 sky beasts
  13 ogres
  10 wolves
  3 black bears
  25 centaurs
  A phantom (D:6)
  A lemure (D:4)
  2 kobold brigands
  23 bullfrogs
  2 gnoll sergeants
  2 scorpions
  15 wights
  26 killer bees
  2 electric eels
  8 vampire bats (Bailey)
  8 wolf zombies (Bailey)
  7 lava snakes (Volcano)
  2 gnoll shamans
  18 orc priests
  9 hounds
  Crazy Yiuf (D:2)
  Ijyb (D:3)
  Terence (D:2)
  5 iguanas
  32 orc wizards
  5 hell rats (Lair:3)
  19 gnolls
  10 adders
  A shadow imp (D:7)
  2 white imps (D:13)
  An ufetubus (D:4)
  3 worms
  3 dart slugs
  64 orcs
  3 endoplasms
  4 giant cockroaches
  11 goblins
  8 hobgoblins
  6 jackals (D:2)
  4 quokkas
  8 ball pythons
  3 bats
  4 frilled lizards
  15 kobolds
  18 orc zombies (Bailey)
  A rat (D:3)
785 creatures vanquished.

Vanquished Creatures (others)
  2 orc wizards
  57 fungi
  A lurking horror (Abyss:3)
  35 plants
  14 withered plants (Lair:6)
109 creatures vanquished.

Grand Total: 894 creatures vanquished

Notes
Turn   | Place    | Note
-------+----------+-------------------------------------------
     0 | D:1      | siradein the Minotaur Hunter began the quest for the Orb.
     0 | D:1      | Reached XP level 1. HP: 18/18 MP: 0/0
   245 | D:1      | Reached XP level 2. HP: 6/25 MP: 1/1
   525 | D:1      | Reached skill level 1 in Armour
  1121 | D:2      | Found a faded altar of an unknown god.
  1131 | D:2      | Noticed Terence
  1139 | D:2      | Killed Terence
  1140 | D:2      | Reached XP level 3. HP: 12/31 MP: 2/2
  1512 | D:2      | Reached XP level 4. HP: 38/38 MP: 3/3
  1704 | D:2      | Reached skill level 5 in Crossbows
  2024 | D:2      | Found a runed translucent door.
  2025 | D:2      | Noticed Crazy Yiuf
  2424 | D:3      | Reached XP level 5. HP: 5/46 MP: 4/4
  3192 | D:3      | Noticed Ijyb
  3205 | D:3      | Killed Ijyb
  3595 | D:3      | Gained mutation: You have sharp toenails. [potion of
                  | mutation]
  3821 | D:4      | Found a staircase to the Ecumenical Temple.
  3886 | Temple   | Entered the Ecumenical Temple
  3931 | Temple   | Became a worshipper of Warmaster Okawaru
  3983 | D:4      | Found a transporter.
  3984 | D:4      | Noticed indyram44's ghost (amateur DsDe)
  4000 | D:4      | Found a transporter.
  4191 | D:4      | Reached XP level 6. HP: 53/53 MP: 5/5
  4549 | D:4      | Noticed Pikel
  4575 | D:4      | Killed Pikel
  4575 | D:4      | Reached * piety under Okawaru
  4576 | D:4      | Reached skill level 5 in Fighting
  4576 | D:4      | Reached XP level 7. HP: 52/61 MP: 5/7
  4687 | D:5      | Entered Level 5 of the Dungeon
  4698 | D:5      | Reached ** piety under Okawaru
  4717 | D:5      | Reached skill level 5 in Dodging
  5129 | D:5      | Reached XP level 8. HP: 70/70 MP: 9/9
  5173 | D:5      | Reached skill level 5 in Armour
  5351 | D:5      | Identified the +7 flail of Cimair {venom, rC+}
  5941 | D:6      | Found Jaawnis's General Store.
  6187 | D:6      | Reached *** piety under Okawaru
  6358 | D:6      | Found a broken altar of Ashenzari.
  6581 | D:6      | Reached XP level 9. HP: 36/78 MP: 11/11
  7230 | D:7      | Found a flagged portal.
  7243 | Bailey   | Entered a bailey
  7550 | Bailey   | Noticed a gargoyle
  7563 | Bailey   | Killed a gargoyle
  7564 | Bailey   | Reached skill level 5 in Invocations
  7594 | Bailey   | Reached **** piety under Okawaru
  7785 | Bailey   | Identified the +1 leather armour of Pathos {Dex+4}
  7915 | Bailey   | Reached skill level 1 in Polearms
  8018 | Bailey   | Received a gift from Okawaru
  8037 | Bailey   | Identified the +2 robe of Sadini {rF+}
  8141 | Bailey   | Identified the +6 scale mail of Monotheism {rN+ Str+4
                  | Dex+6}
  9052 | D:7      | Reached XP level 10. HP: 88/88 MP: 13/13
  9201 | D:7      | Noticed Joseph
  9210 | D:7      | Killed Joseph
  9295 | D:8      | Noticed Grum
  9314 | D:7      | Reached ***** piety under Okawaru
  9531 | D:7      | Received a gift from Okawaru
  9778 | D:8      | Killed Grum
  9931 | D:8      | Noticed Erica
  9949 | D:8      | Killed Erica
  9949 | D:8      | Received a gift from Okawaru
 10375 | D:8      | Received a gift from Okawaru
 10681 | D:9      | Paralysed by a hornet for 2 turns
 11047 | D:9      | Identified the +0 buckler of Orthodoxy {rF+ rC- Int+3}
                  | (Okawaru gifted it to you on level 9 of the Dungeon)
 11047 | D:9      | Received a gift from Okawaru
 11111 | D:9      | Noticed a two-headed ogre
 11118 | D:9      | Killed a two-headed ogre
 11531 | D:2      | Killed Crazy Yiuf
 11648 | D:4      | Reached XP level 11. HP: 97/97 MP: 15/15
 11653 | D:4      | Killed indyram44's ghost
 11832 | D:9      | Reached skill level 5 in Polearms
 12142 | D:10     | Entered Level 10 of the Dungeon
 12403 | D:10     | Noticed a centaur warrior
 12420 | D:10     | Killed a centaur warrior
 13172 | D:11     | Found a staircase to the Lair.
 13265 | D:11     | Noticed a green ugly thing
 13283 | D:11     | Killed a green ugly thing
 13531 | D:11     | Noticed a two-headed ogre
 13531 | D:11     | Noticed a purple ugly thing
 13547 | D:11     | Killed a purple ugly thing
 13548 | D:11     | Reached skill level 10 in Crossbows
 13551 | D:11     | Killed a two-headed ogre
 13552 | D:11     | Reached skill level 10 in Fighting
 13691 | D:11     | Noticed a boulder beetle
 13708 | D:11     | Killed a boulder beetle
 14079 | D:11     | Reached skill level 10 in Armour
 14165 | D:11     | Noticed a two-headed ogre
 14179 | D:11     | Killed a two-headed ogre
 14179 | D:11     | Reached ****** piety under Okawaru
 14280 | D:11     | Noticed a two-headed ogre
 14300 | D:11     | Identified the +0 plate armour "Peutt" {Str+3 Dex+3 Slay+3}
                  | (Okawaru gifted it to you on level 11 of the Dungeon)
 14300 | D:11     | Received a gift from Okawaru
 14314 | D:11     | Killed a two-headed ogre
 14628 | Lair:1   | Entered Level 1 of the Lair of Beasts
 14636 | Lair:1   | Reached XP level 12. HP: 91/107 MP: 16/16
 14867 | Lair:1   | Noticed an eight-headed hydra
 14871 | Lair:1   | Killed an eight-headed hydra
 15055 | Lair:1   | Reached skill level 10 in Dodging
 15321 | Lair:1   | Noticed Nergalle
 15339 | Lair:1   | Killed Nergalle
 16437 | Lair:2   | Found a staircase to the Shoals.
 17070 | Lair:3   | Reached skill level 1 in Evocations
 17333 | Lair:3   | Noticed Gastronok
 17343 | Lair:3   | Killed Gastronok
 17491 | Lair:3   | Noticed Urug
 17502 | Lair:3   | Killed Urug
 17502 | Lair:3   | Received a gift from Okawaru
 18191 | Lair:3   | Received a gift from Okawaru
 18198 | Lair:3   | Reached XP level 13. HP: 111/116 MP: 18/18
 18406 | Lair:3   | Received a gift from Okawaru
 18682 | Lair:4   | Received a gift from Okawaru
 18834 | Lair:4   | Found a hole to the Spider Nest.
 20086 | Lair:5   | Received a gift from Okawaru
 20101 | Lair:5   | Received a gift from Okawaru
 20284 | Lair:5   | Received a gift from Okawaru
 20285 | Lair:5   | Reached skill level 10 in Polearms
 20293 | Lair:5   | Found a dark tunnel.
 20298 | Volcano  | Entered a volcano
 20402 | Volcano  | Reached XP level 14. HP: 80/127 MP: 20/20
 20596 | Volcano  | Reached skill level 10 in Invocations
 20650 | Volcano  | Received a gift from Okawaru
 20678 | Volcano  | Found a burning altar of Makhleb.
 20929 | Lair:5   | Received a gift from Okawaru
 20998 | Lair:5   | Found a staircase to the Slime Pits.
 20999 | Lair:5   | Found a viscous altar of Jiyva.
 21275 | Lair:6   | Entered Level 6 of the Lair of Beasts
 21301 | Lair:6   | Received a gift from Okawaru
 21522 | Lair:6   | Received a gift from Okawaru
 21588 | Lair:6   | Reached skill level 5 in Evocations
 21749 | Lair:6   | Identified the +1 plate armour of the Burning Gods {Str+6
                  | Dex+6} (Okawaru gifted it to you on level 6 of the Lair of
                  | Beasts)
 21749 | Lair:6   | Received a gift from Okawaru
 21994 | Lair:6   | Noticed Sonja
 22003 | Lair:6   | Killed Sonja
 22359 | Lair:6   | HP: 6/129 [death yak simulacrum (30)]
 22843 | D:12     | Found a staircase to the Orcish Mines.
 22935 | D:12     | Noticed Azrael
 23126 | D:12     | Killed Azrael
 23730 | Orc:1    | Entered Level 1 of the Orcish Mines
 24106 | Orc:2    | Entered Level 2 of the Orcish Mines
 24106 | Orc:2    | Found a staircase to the Elven Halls.
 24709 | Orc:2    | Found Xit Vef's Mayhem Merchandise.
 24994 | Orc:2    | Reached XP level 15. HP: 114/136 MP: 22/22
 25055 | Orc:2    | Found an ancient bone altar of Kikubaaqudgha.
 25064 | Orc:2    | Paralysed by an orc sorcerer for 5 turns
 25297 | Orc:2    | Found a radiant altar of Vehumet.
 25297 | Orc:2    | Noticed Erolcha
 25307 | Orc:2    | Cast into level 1 of the Abyss (Erolcha)
 25329 | Orc:2    | Escaped the Abyss
 25333 | Orc:2    | Killed Erolcha
 25388 | Orc:2    | Found Rekoph's Antique Weapon Shoppe.
 25395 | Orc:2    | Found Ipissuy's Distillery.
 25398 | Orc:2    | Bought an arbalest for 126 gold pieces
 25406 | Orc:2    | Found Xaqup's Book Emporium.
 25423 | Orc:2    | Bought a potion of ambrosia for 104 gold pieces
 25423 | Orc:2    | Bought a potion of brilliance for 52 gold pieces
 25423 | Orc:2    | Bought a potion of curing for 39 gold pieces
 25423 | Orc:2    | Bought a potion of might for 52 gold pieces
 25423 | Orc:2    | Bought a potion of invisibility for 104 gold pieces
 25423 | Orc:2    | Bought a potion of cancellation for 104 gold pieces
 25463 | Orc:2    | Found Irua's Antique Weapon Emporium.
 25612 | D:13     | Received a gift from Okawaru
 25695 | D:13     | Received a gift from Okawaru
 25763 | D:13     | Identified 2 scrolls of acquirement
 25766 | D:13     | Acquired the +7 arbalest of Radicalism {flame, Will++ Str-4
                  | Int+2}
 26480 | D:13     | Noticed Rupert
 26562 | D:13     | Killed Rupert
 26564 | D:13     | Got the Almanac of Unholy Venom
 26976 | D:14     | Got the Compendium of Combat Magic
 27371 | D:14     | You are sucked into a shaft and drop 1 floor!
 27371 | D:15     | Entered Level 15 of the Dungeon
 27499 | D:15     | Received a gift from Okawaru
 27582 | D:15     | Found a staircase to the Depths.
 27628 | D:15     | Identified the +0 chain mail "Zyosyip" {Dex+6} (Okawaru
                  | gifted it to you on level 15 of the Dungeon)
 27628 | D:15     | Received a gift from Okawaru
 27703 | D:15     | Reached XP level 16. HP: 134/147 MP: 23/23
 29288 | D:14     | Cast into level 3 of the Abyss (a wizard)
 29404 | Abyss:3  | Noticed an Executioner
 29406 | Abyss:3  | Noticed a dread lich
 29415 | Abyss:3  | Noticed a tentacled starspawn
 29423 | Abyss:3  | Noticed a tentacled starspawn
 29492 | Abyss:3  | Found a sparkling altar of Nemelex Xobeh.
 29494 | Abyss:3  | Killed from afar by a raiju

Illustrated notes

Levels and vault maps discovered:
D:1:      amcnicky_arrival_abandoned_market, layout_basic, chequers_big_river,
          hex_tiny, amcnicky_mini_corridor_feature, kennysheep_flooded_box,
          hangedman_feature_mirror, minmay_tetromino_t4
D:2:      layout_rooms, shapermc_ecumenical_altar_venn, uniq_terence,
          uniq_crazy_yiuf_cottage
D:3:      layout_basic, grunt_ministairs_10, uniq_ijyb
D:4:      layout_loops_corners, minmay_temple_entry_drinking_statues,
          gammafunk_ghost_arena, uniq_pikel
D:5:      layout_gridville, serial_glass, glass_columns_a, glass_columns_a
D:6:      layout_loops_ring, nicolae_overflow_hidden_temple, serial_shops,
          nicolae_square_shop
D:7:      layout_loops_ring, enter_bailey_5, uniq_joseph
D:8:      layout_cave_pools, kennysheep_generic_room_6, uniq_erica, uniq_grum
D:9:      layout_basic
D:10:     layout_roguey
D:11:     layout_roguey, erik_lair_island, minmay_starry_boxes
D:12:     layout_loops_cross, uniq_azrael
D:13:     minmay_the_grid_3x2 [minmay_the_grid_dragon_a,
          minmay_the_grid_tiny_cups, minmay_the_grid_box_x,
          minmay_the_grid_large_cup, minmay_the_grid_pillar_ring,
          minmay_the_grid_prize_big_room], layout_loops_ring, ice2_lemuel,
          uniq_rupert
D:14:     nicolae_hexawheel, layout_grid_maze, grunt_vaults_entry_tiered,
          serial_shops, nicolae_shop_waterfront, nicolae_wu_jian_wuxing_cycle
D:15:     gammafunk_enter_depths_forms, layout_gridville,
          hangedman_abyss_or_decor_slice, special_room [special_room_bee]
Temple:   kilobyte_greek_temple
Lair:1:   layout_gridlike, beast_lair_carwin_7, uniq_nergalle
Lair:2:   layout_cave_pods, minmay_shoals_entry_lonely_mermaid, serial_forest,
          infiniplex_forest_fountain, infiniplex_forest_lined_corner,
          infiniplex_forest_corner_1, infiniplex_forest_end_3,
          infiniplex_forest_clump_small, infiniplex_forest_end_1
Lair:3:   layout_layer_cave, uniq_urug, uniq_gastronok
Lair:4:   layout_layer_cave, spider_nest_entry_web_field
Lair:5:   layout_loops_ring, slime_altar_1, enter_volcano_4,
          eino_small_chamber_without_monster, ldierk_geyser,
          chequers_serial_rivers_marsh, minivault_11
Lair:6:   due_jungle_book, layout_layer_cave, st_stairs_10,
          dreamdust_mushroom_princess, uniq_sonja
Orc:1:    layout_caves, nicolae_orc_tapped_out
Orc:2:    kennysheep_orc_mage_school, layout_caves, minmay_shop_mayhem
Abyss:3:  base: D:10, evilmike_abyss_exit_6, serial_sigils_hangedman_quiver,
          hangedman_abyss_river_spirits, bh_silent_lugonu_exit

Skill      XL: |  1  2  3  4  5  6  7  8  9 10 11 12 13 14 15 16 |
---------------+-------------------------------------------------+-----
Armour         | 1 2 3 4 6 7 9 10 11 12 13 14 | 14.5
Fighting       | 3 4 5 6 8 9 10 11 12 13 14 | 14.7
Dodging        | 3 4 5 6 7 8 9 10 11 12 13 | 13.5
Crossbows      | 5 6 7 8 9 10 11 12 13 14 | 14.1
Invocations    | 2 4 5 6 7 9 10 11 12 | 12.0
Polearms       | 2 4 7 8 10 11 12 | 12.7
Evocations     | 2 4 5 7 |  7.6
Stealth        | |  0.7

Action                   |  1- 3 |  4- 6 |  7- 9 | 10-12 | 13-15 | 16-18 || total
-------------------------+-------+-------+-------+-------+-------+-------++-------
Melee: Dagger            |    14 |    64 |    24 |       |       |       ||   102
       Headbutt          |     3 |     9 |    21 |    59 |   239 |    30 ||   361
       Kick              |       |     4 |    35 |   132 |   257 |       ||   428
       Flail             |       |       |    60 |       |     5 |       ||    65
       Glaive            |       |       |    37 |   380 |   874 |   122 ||  1413
       Hand crossbow     |       |       |       |     1 |       |       ||     1
       Scimitar          |       |       |       |     2 |    14 |       ||    16
 Fire: Hand crossbow     |    51 |   137 |   257 |   166 |    40 |       ||   651
       Arbalest          |       |       |       |       |   148 |    41 ||   189
Invok: Heroism           |       |       |     1 |     1 |     8 |     1 ||    11
  Use: Scroll            |       |     9 |     6 |     7 |    10 |     4 ||    36
       Potion            |       |     1 |     3 |       |     4 |       ||     8
 Stab: Sleeping          |       |       |       |     1 |     1 |       ||     2
       Distracted        |       |       |       |       |     2 |       ||     2
Armor: Leather armour    |     7 |     3 |     3 |       |       |       ||    13
       Ring mail         |       |    22 |    49 |       |       |       ||    71
       Scale mail        |       |       |    13 |   141 |   379 |    53 ||   586
       Plate armour      |       |       |       |    28 |     1 |       ||    29
Dodge: Dodged            |    14 |    68 |   282 |   376 |  1134 |   201 ||  2075
Block: Kite shield       |       |       |     4 |       |       |       ||     4
       Other             |       |       |       |    99 |   240 |    38 ||   377
       Reflection        |       |       |       |     5 |    19 |     6 ||    30

Table legend: (Time is in decaauts)
 A = Elapsed time spent in this place.
 B = Non-inter-level travel time spent in this place.
 C = Inter-level travel time spent in this place.
 D = Time resting spent in this place.
 E = Time spent auto-exploring this place.
 F = Levels seen in this place.
 G = Mean time per level.
                   A        B        C        D        E       F      G
               +--------+--------+--------+--------+--------+-----+--------+
         Total |  29953 |  28798 |   1155 |   2101 |  21069 |  28 | 1069.8 |
       Dungeon |  18431 |  17580 |    851 |   1201 |  13082 |  15 | 1228.7 |
        Temple |     78 |     78 |      0 |      0 |      0 |   1 |   78.0 |
          Lair |   7853 |   7640 |    213 |    435 |   6027 |   6 | 1308.8 |
  Orcish Mines |   1843 |   1753 |     90 |    409 |    883 |   2 |  921.5 |
         Abyss |    227 |    227 |      0 |     48 |     34 |   2 |  113.5 |
        Bailey |   1088 |   1088 |      0 |      7 |    747 |   1 | 1088.0 |
       Volcano |    430 |    430 |      0 |      0 |    295 |   1 |  430.0 |
               +--------+--------+--------+--------+--------+-----+--------+

Top non-repeatable levels by time:
    D:11: 1686 daAuts
     D:7: 1569 daAuts
     D:6: 1519 daAuts
  Lair:3: 1518 daAuts
   Orc:2: 1458 daAuts
    D:15: 1457 daAuts
  Lair:6: 1449 daAuts
     D:3: 1350 daAuts
    D:13: 1345 daAuts
     D:2: 1342 daAuts
  Lair:4: 1286 daAuts
  Lair:1: 1249 daAuts
  Lair:2: 1224 daAuts
     D:4: 1190 daAuts
     D:9: 1158 daAuts
